 Dungeon Crawl Stone Soup version 0.29.1 (webtiles) character file.

Game seed: 18327013363479103503

3475 themarg the Destroyer (level 10, -13/59 HPs)
             Began as a Tengu Conjurer on Sept 12, 2022.
             Was a Follower of Vehumet.
             Mangled by an eight-headed hydra (15 damage)
             ... on level 6 of the Dungeon.
             The game lasted 00:35:51 (10070 turns).

themarg the Destroyer (Tengu Conjurer)             Turns: 10070, Time: 00:35:51

Health: -13/59     AC:  3    Str:  8    XL:     10   Next: 6%
Magic:  14/18      EV: 16    Int: 22    God:    Vehumet [*.....]
Gold:   353        SH:  0    Dex: 13    Spells: 8/19 levels left

rFire   + . .      SeeInvis .   i - +4 dire flail (protect)
rCold   . . .      Faith    .   (shield currently unavailable)
rNeg    . . .      Spirit   .   t - +1 robe {rF+}
rPois   .          Reflect  .   (helmet restricted)
rElec   .          Harm     .   (no cloak)
rCorr   .          Rampage  .   (no gloves)
Will    .....                   (boots unavailable)
Stlth   ++........              (no amulet)
HPRegen 0.19/turn               (no ring)
MPRegen 0.16/turn               (no ring)

@: flying quickly and evasively, quick
A: beak, talons 3, nimble flight
a: Renounce Religion


You were on level 6 of the Dungeon.
You worshipped Vehumet.
Vehumet was aware of your devotion.
You visited 2 branches of the dungeon, and saw 8 of its levels.

You collected 353 gold pieces.

Inventory:

Hand Weapons
 i - a +4 dire flail of protection (weapon)
 y - a +2 dagger of draining
Missiles
 e - 17 poisoned darts
 u - a throwing net
 w - 10 atropa-tipped darts
Armour
 t - a +1 robe of fire resistance (worn)
Jewellery
 v - a ring of ice
Wands
 a - a wand of polymorph (19)
 E - a wand of iceblast (6)
Scrolls
 d - a scroll of poison {unknown}
 j - a scroll of vulnerability
 l - 3 scrolls of teleportation
 m - a scroll of magic mapping
 o - 2 scrolls of enchant armour
 p - a scroll of blinking {unknown}
 s - a scroll of silence {unknown}
 x - a scroll of fear {unknown}
 C - 2 scrolls of enchant weapon {unknown}
 D - 2 scrolls of noise {unknown}
Potions
 b - 3 potions of magic
 c - a potion of degeneration {unknown}
 f - 2 potions of ambrosia
 g - a potion of curing
 h - 3 potions of attraction
 k - 2 potions of cancellation
 n - 3 potions of heal wounds
 q - 2 potions of brilliance {unknown}
 r - 3 potions of flight
 z - a potion of invisibility {unknown}
 A - 3 potions of might {unknown}
 B - a potion of lignification {unknown}


   Skills:
 - Level 5.0 Fighting
 - Level 5.0 Dodging
 - Level 2.0 Stealth
 - Level 5.0 Spellcasting
 + Level 14.0 Conjurations
 - Level 2.0 Hexes
 - Level 3.0 Translocations


You had 8 spell levels left.
You knew the following spells:

 Your Spells              Type           Power      Damage    Failure   Level
a - Magic Dart            Conj           100%       1d8       1%          1
b - Searing Ray           Conj           100%       2d8       1%          2
c - Fulminant Prism       Conj/Hex       20%        3d13      3%          4
d - Iskenderun's Mystic   Conj/Tloc      43%        2d10      3%          4

Your spell library contained the following spells:

 Spells                   Type           Power      Damage    Failure   Level
 Foxfire                  Conj/Fire      100%       2x1d9     1%          1
 Dazzling Flash           Conj/Hex       80%        N/A       1%          3
 Apportation              Tloc           36%        N/A       3%          1
 Poisonous Vapours        Pois/Air       10%        N/A       16%         2
 Corpse Rot               Necr/Pois/Air  5%         N/A       69%         4
 Silence                  Hex/Air        4%         N/A       88%         5
 Agony                    Necr           5%         N/A       95%         5
 Alistair's Intoxication  Tmut/Pois      3%         N/A       95%         5


Dungeon Overview and Level Annotations

Branches:
Dungeon (7/15)             Temple (1/1) D:5

Altars:
Cheibriados
Elyvilon
Gozag
Kikubaaqudgha
Nemelex Xobeh
Qazlal
Uskayaw
Vehumet
Wu Jian
Xom
Yredelemnul
Zin
Lugonu

Portals:
Abyss: D:3


Innate Abilities, Weirdness & Mutations

You have a beak for a mouth.
You have claws for feet.
Your magical nature lets you fly swiftly and evasively.


Message History

There is a stone staircase leading up here.
Casting: Iskenderun's Mystic Blast (dangerous; 3% risk of failure)
Confirm with . or Enter, or press ? or * to list all spells.
You erupt in a blast of force!
The mystic blast hits the eight-headed hydra!
The eight-headed hydra is severely wounded.
The eight-headed hydra closely misses you. x2
The eight-headed hydra barely misses you.
The eight-headed hydra misses you.
The eight-headed hydra barely misses you.
The eight-headed hydra closely misses you. x3
You fly upwards.
There is a stone staircase leading down here.
There is a stone staircase leading up, spattered with blood here.
You fly upwards.
There is a stone staircase leading down here.
You start resting.
Magic restored.
You fly downwards.
The eight-headed hydra bites you!
The eight-headed hydra bites you but does no damage.
The eight-headed hydra bites you!
The eight-headed hydra closely misses you.
The eight-headed hydra bites you!
The eight-headed hydra bites you but does no damage.
The eight-headed hydra bites you!
* * * LOW HITPOINT WARNING * * *
The eight-headed hydra completely misses you.
There is a stone staircase leading up, spattered with blood here.
Casting: Iskenderun's Mystic Blast (dangerous; 3% risk of failure)
Confirm with . or Enter, or press ? or * to list all spells.
You erupt in a blast of force!
The mystic blast hits the eight-headed hydra!
The eight-headed hydra is lightly wounded.
The eight-headed hydra bites you!
* * * LOW HITPOINT WARNING * * *
The eight-headed hydra misses you. The eight-headed hydra bites you.
* * * LOW HITPOINT WARNING * * *
The eight-headed hydra barely misses you.
The eight-headed hydra bites you!
You die...

#................# ##..
#................# ###...
#................# ##.....
##...............# #......
#..............## #..#.##
#............#.# ######.
#..............## ##### ##.
##............).### ##^#.# #..
#....^......@)...###....####.
#...#####....D#....'..^_##.#.
##...#######......##^^^.##...
#....#...#..#..#.###.#^##..)
##..........###.##########...
#####..#......#.###....#######...
.§.###.#......####...........#.÷.
≈≈..##.......######........#.#...
.≈..#..##....#.#..........###..##


You could see an eight-headed hydra.

Vanquished Creatures
  Pikel (D:6)
  A hornet (D:7)
  Sigmund (D:6)
  Eustachio (D:5)
  A steam dragon (D:6)
  Edmund (D:4)
  A water moccasin (D:5)
  2 black bears
  7 ogres
  2 lemures (D:6)
  A phantom (D:6)
  Blork the orc (D:6)
  A kobold brigand (D:6)
  3 bullfrogs
  2 necrophages
  2 scorpions
  5 hounds
  A jelly (D:6)
  2 orc priests (D:7)
  Terence (D:3)
  4 iguanas
  4 orc wizards
  A mummy (D:3)
  12 gnolls
  6 adders
  2 shadow imps
  3 white imps
  An ufetubus (D:4)
  A worm (D:2)
  2 dart slugs (D:4)
  14 orcs
  6 ball pythons
  9 bats
  5 endoplasms
  5 giant cockroaches
  6 goblins
  12 hobgoblins
  3 jackals (D:4)
  13 kobolds
  2 quokkas
  4 frilled lizards
  7 rats
  A spectral orc (D:6)
  A fulminant prism (D:7)
161 creatures vanquished.

Vanquished Creatures (others)
  A human (D:3)
  8 fulminant prisms
  24 fungi (D:7)
33 creatures vanquished.

Grand Total: 194 creatures vanquished

Notes
Turn   | Place    | Note
-------+----------+-------------------------------------------
     0 | D:1      | themarg the Tengu Conjurer began the quest for the Orb.
     0 | D:1      | Reached XP level 1. HP: 10/10 MP: 4/4
   138 | D:1      | Reached XP level 2. HP: 15/15 MP: 1/6
   141 | D:1      | Learned a level 2 spell: Searing Ray
   925 | D:1      | Reached XP level 3. HP: 19/19 MP: 4/7
  1016 | D:1      | Reached skill level 6 in Conjurations
  2664 | D:3      | Found an ancient bone altar of Kikubaaqudgha.
  2738 | D:3      | Reached XP level 4. HP: 24/24 MP: 6/9
  2766 | D:3      | Found a snail-covered altar of Cheibriados.
  2848 | D:3      | Found a large runed translucent door.
  2848 | D:3      | Found a large runed translucent door.
  2919 | D:3      | Noticed Terence
  3019 | D:3      | Found a one-way gate to the infinite horrors of the Abyss.
  3050 | D:3      | Noticed a human
  3053 | D:3      | Killed a human
  3219 | D:3      | Found a corrupted altar of Lugonu.
  3563 | D:4      | Gained mutation: Your magical nature lets you fly swiftly
                  | and evasively. [Tengu growth]
  3563 | D:4      | Reached XP level 5. HP: 28/28 MP: 5/11
  3563 | D:4      | Noticed an ogre
  3766 | D:4      | Found a glowing silver altar of Zin.
  3786 | D:4      | Noticed an ogre
  3986 | D:4      | Reached skill level 7 in Conjurations
  3986 | D:4      | Reached skill level 1 in Hexes
  4266 | D:4      | Noticed an ogre
  4288 | D:4      | Killed an ogre
  4289 | D:4      | Reached XP level 6. HP: 9/32 MP: 2/13
  4686 | D:4      | Reached skill level 8 in Conjurations
  4686 | D:4      | Reached XP level 7. HP: 36/36 MP: 8/14
  4751 | D:4      | Noticed Edmund
  5067 | D:3      | Killed Terence
  5188 | D:5      | Entered Level 5 of the Dungeon
  5319 | D:5      | Reached skill level 5 in Spellcasting
  5396 | D:5      | Reached skill level 1 in Translocations
  5496 | D:5      | Noticed Eustachio
  5556 | D:5      | Reached skill level 9 in Conjurations
  5557 | D:5      | Reached XP level 8. HP: 41/41 MP: 8/16
  5655 | D:5      | Found a stormy altar of Qazlal.
  5727 | D:5      | Found a staircase to the Ecumenical Temple.
  5735 | Temple   | Entered the Ecumenical Temple
  5760 | Temple   | Became a worshipper of Vehumet
  6059 | D:5      | Reached skill level 10 in Conjurations
  6059 | D:5      | Reached skill level 1 in Fighting
  6360 | D:5      | Killed Eustachio
  6540 | D:4      | Killed Edmund
  6978 | D:6      | Reached skill level 5 in Dodging
  6978 | D:6      | Reached XP level 9. HP: 52/52 MP: 9/17
  7055 | D:6      | Noticed Sigmund
  7063 | D:6      | Killed Sigmund
  7066 | D:6      | Noticed Blork the orc
  7237 | D:5      | Learned a level 4 spell: Fulminant Prism
  7242 | D:5      | Learned a level 4 spell: Iskenderun's Mystic Blast
  7250 | D:6      | Noticed Pikel
  7519 | D:6      | Reached skill level 5 in Fighting
  7786 | D:6      | Found a basalt altar of Yredelemnul.
  7826 | D:6      | Found a hide-covered altar of Uskayaw.
  8030 | D:6      | Killed Pikel
  8031 | D:6      | Reached skill level 11 in Conjurations
  8114 | D:6      | Reached skill level 12 in Conjurations
  8209 | D:6      | Killed Blork the orc
  8341 | D:6      | Reached * piety under Vehumet
  8341 | D:6      | Offered knowledge of Foxfire by Vehumet.
  8558 | D:6      | Found an ornate altar of the Wu Jian Council.
  8877 | D:7      | Found a shimmering altar of Xom.
  8968 | D:7      | Reached skill level 13 in Conjurations
  9451 | D:7      | Noticed a hornet
  9623 | D:7      | Reached XP level 10. HP: 59/59 MP: 11/18
  9771 | D:7      | Reached skill level 14 in Conjurations
  9941 | D:7      | Noticed an eight-headed hydra
 10070 | D:6      | HP: 2/59 [eight-headed hydra (1)]
 10070 | D:6      | Mangled by an eight-headed hydra

Illustrated notes

Levels and vault maps discovered:
D:1:      mushboom_english_gardens, layout_basic, serial_rivers,
          chequers_serial_rivers_room_b, chequers_serial_rivers_micro_b,
          chequers_serial_rivers_small_b, chequers_serial_rivers_large_b,
          chequers_serial_rivers_micro_d
D:2:      layout_basic
D:3:      due_chaos_kobolds, layout_rooms, tgw_kikubaaqudgha, slow_altar_1,
          uniq_terence
D:4:      layout_loops_ring, zin_treasury, uniq_edmund
D:5:      layout_rooms, nicolae_qazlal_general_emergency,
          minmay_temple_entry_glass, uniq_eustachio
D:6:      layout_cave_pools, nicolae_wu_jian_glorious_leap,
          mainiacjoe_overflow_brackets, yredelemnul_forgotten_temple_becter,
          kennysheep_doodads, uniq_sigmund, uniq_blork_the_orc, uniq_pikel
D:7:      layout_loops_ring, mainiacjoe_overflow_cross_hatched,
          kennysheep_generic_room_13
Temple:   nicolae_temple_godpark

Skill      XL: |  1  2  3  4  5  6  7  8  9 10 |
---------------+-------------------------------+-----
Conjurations   | 6 7 8 9 10 13 14 | 14.0
Spellcasting   | 3 4 5 |  5.0
Hexes          | 1 2 |  2.0
Translocations | 2 3 |  3.0
Fighting       | 4 5 |  5.0
Dodging        | 5 |  5.0
Stealth        | |  2.0

Action                   |  1- 3 |  4- 6 |  7- 9 | 10-12 || total
-------------------------+-------+-------+-------+-------++-------
Melee: Dagger            |       |       |     1 |       ||     1
 Cast: Magic Dart        |    66 |    31 |   107 |       ||   204
       Searing Ray       |     4 |    19 |    56 |     1 ||    80
       Fulminant Prism   |       |       |     7 |     2 ||     9
       Iskenderun's Myst |       |       |     3 |     7 ||    10
  Use: Scroll            |       |     7 |     3 |       ||    10
       Potion            |       |       |     2 |       ||     2
Armor: Robe              |       |       |     1 |     2 ||     3
Dodge: Dodged            |     3 |     2 |    22 |    13 ||    40
